Capitals vs Blackhawks

Created - 12 avril 2013 at 19:01

Goals
1 2 3 T
Capitals 1 1 0 2
Blackhawks 2 0 1 3
Shots
1 2 3 T
Capitals 9 12 7 28
Blackhawks 11 12 3 26

1st period

1. Blackhawks , Sergei Shirokov 1 (Scott Gomez, Loui Eriksson) at 10:48
2. Blackhawks , Loui Eriksson 11 (Scott Gomez, Sergei Shirokov) at 16:35
3. Capitals , Evgeni Malkin 36 (Brian Rafalski) at 16:41

Penalties :
Phil Kessel (Was) for Cross-checking (Minor) at 1:50, Thomas Vanek (Was) for Hooking (Minor) at 11:10

2nd period

4. Capitals , Alex Tanguay 16 (Peter Regin) at 17:41

Penalties :
Milan Michalek (Was) for Hooking (Minor) at 1:04, Francis Bouillon (Chi) for Tripping (Minor) at 8:21, Evgeni Malkin (Was) for Roughing (Minor) at 8:21, Jason Blake (Was) for Holding (Minor) at 12:45

3rd period

5. Blackhawks , Kris Versteeg 32 (Alexei Kovalev, Francis Bouillon) at 8:36

Penalties :
Thomas Vanek (Was) for Delaying the game (Minor) at 4:44, Scott Gomez (Chi) for Slashing (Minor) at 17:01, Milan Michalek (Was) for Interference (Minor) at 17:01

Goalie Stats

Marty Turco (Was), 23 saves from 26 shots - (0,885), L, 34-18-1, 59:08 minutes
Jocelyn Thibault (Chi), 26 saves from 28 shots - (0,929), W, 18-15-2, 60:00 minutes

Players Stats for Capitals

Player Name              G  A  P  +/- PIM S  H  SB GA TA FO     MP     PP MP  PK MP  
------------------------------------------------------------------------------------
Ales Hemsky              0  0  0   0  0   1  0  0  0  0  1/1    10:54   0:00   0:00 
Alex Tanguay             1  0  1   0  0   5  3  0  0  0  0/0    20:11   0:00   4:40 
Alexei Semenov           0  0  0   1  0   2  1  0  0  2  0/0    12:13   0:00   0:00 
Anton Volchenkov         0  0  0  -1  0   0  2  0  0  1  0/0    21:00   0:00   4:19 
Brian Rafalski           0  1  1  -1  0   2  1  1  1  0  0/0    26:47   0:00   5:36 
Christian Ehrhoff        0  0  0  -1  0   3  1  2  1  0  0/0    26:47   0:00   5:36 
Corey Perry              0  0  0  -1  0   1  1  1  0  0  2/3    16:32   0:00   2:09 
Dennis Wideman           0  0  0  -1  0   0  2  0  0  0  0/0    21:00   0:00   4:19 
Evgeni Malkin            1  0  1  -1  2   4  3  2  0  0  16/28  23:53   0:00   3:42 
Jason Blake              0  0  0   0  2   1  0  2  0  0  0/1    10:05   0:00   1:33 
Joey Crabb               0  0  0   0  0   0  0  0  0  0  0/0     0:00   0:00   0:00 
Joey Ryan                0  0  0   1  0   0  0  0  0  0  0/0    12:13   0:00   0:00 
Milan Michalek           0  0  0   0  4   2  0  1  1  0  0/2    13:52   0:00   0:07 
Nicklas Backstrom        0  0  0   0  0   2  1  1  0  0  5/6    15:36   0:00   3:41 
Patrick Kane             0  0  0   0  0   0  1  0  0  0  0/0    13:47   0:00   0:00 
Peter Regin              0  1  1   0  0   0  0  0  0  0  7/15   15:06   0:00   1:10 
Phil Kessel              0  0  0   0  2   0  0  0  0  0  0/0     6:58   0:00   0:00 
Thomas Vanek             0  0  0  -1  4   5  1  1  0  0  0/1    19:06   0:00   2:48 

Players Stats for Blackhawks

Player Name              G  A  P  +/- PIM S  H  SB GA TA FO     MP     PP MP  PK MP  
------------------------------------------------------------------------------------
Alexei Kovalev           0  1  1   0  0   1  3  0  0  1  0/0    21:23   4:55   0:00 
Boris Mironov            0  0  0   1  0   1  0  2  0  0  0/0    13:49   0:13   0:00 
Brad Ference             0  0  0   0  0   1  1  1  0  0  0/0    19:20   1:03   0:00 
Brooks Laich             0  0  0   0  0   0  4  1  0  0  1/6    14:12   0:23   0:00 
Chris Gratton            0  0  0   0  0   1  2  0  0  0  2/4     8:27   0:00   0:00 
Colby Armstrong          0  0  0   0  0   1  1  0  0  0  0/0    11:30   0:02   0:00 
Dan Hinote               0  0  0   0  0   0  1  0  0  0  0/0     7:33   0:00   0:00 
Daniel Carcillo          0  0  0   0  0   0  3  0  1  0  0/0    11:09   0:01   0:00 
Francis Bouillon         0  1  1   1  2   2  1  0  0  0  0/0    24:04   4:11   0:00 
Hnat Domenichelli        0  0  0   0  0   1  2  0  0  0  0/0     7:33   0:00   0:00 
Joe Sakic                0  0  0   0  0   3  2  2  0  0  13/28  22:03   5:16   0:00 
Kris Versteeg            1  0  1   0  0   5  3  1  0  0  1/3    23:08   5:16   0:00 
Kristopher Letang        0  0  0   0  0   2  0  1  0  0  0/0    12:51   4:41   0:00 
Loui Eriksson            1  1  2   1  0   4  0  0  0  1  0/0    16:48   4:38   0:00 
Nicklas Lidstrom         0  0  0   1  0   2  1  1  0  0  0/0    27:07   5:44   0:00 
Scott Gomez              0  2  2   1  2   0  1  0  1  1  9/15   17:41   4:37   0:00 
Sergei Shirokov          1  1  2   1  0   2  2  0  1  0  0/1    16:18   4:37   0:00 
Steve McCarthy           0  0  0  -1  0   0  0  1  0  0  0/0    21:04   3:58   0:00 

3 Stars

1 - Sergei Shirokov (Chi)
2 - Loui Eriksson (Chi)
3 - Kris Versteeg (Chi)

Power Play

Capitals - 0 on 0 Attempt(s) - 0,00%
Blackhawks - 0 on 5 Attempt(s) - 0,00%

Penalty Kill

Capitals - 5 on 5 Attempt(s) - 100,00% - Score 0 goal in Penalty Kill
Blackhawks - 0 on 0 Attempt(s) - 0,00% - Score 0 goal in Penalty Kill

Official

Referees : Watson Brad and Kozari Steve
Linesman : Brian Murphy and Michel Cormier

Game Notes

Kristopher Letang is injured at 14:49 of 2nd period (Abdomen/Ribs)

Finance

Level 1 -- Attendance: 5595 (93,25%) -- Ticket Income 492 360 $
Level 2 -- Attendance: 5000 (100,00%) -- Ticket Income 265 000 $
Level 3 -- Attendance: 1402 (70,10%) -- Ticket Income 47 668 $
Level 4 -- Attendance: 3696 (92,40%) -- Ticket Income 70 224 $
Luxury Box -- Attendance: 829 (82,90%) -- Ticket Income 145 075 $
Game was played at the Chicago Stadium
Total Attendance: 16522 (91,79%)
Total Ticket Income: 1 020 327 $
Total Income: 1 020 327 $

Capitals

5 vs 5 Forward 
   Center                   Left Wing                Right Wing               Time % Phy DF OF 
 1 Evgeni Malkin            Thomas Vanek             Corey Perry              40     1   2  2  
 2 Peter Regin              Alex Tanguay             Patrick Kane             30     1   2  2  
 3 Nicklas Backstrom        Milan Michalek           Ales Hemsky              20     1   2  2  
 4 Evgeni Malkin            Jason Blake              Phil Kessel              10     1   2  2  

5 vs 5 Defense 
   Defense                  Defense                                           Time % Phy DF OF 
 1 Brian Rafalski           Christian Ehrhoff                                 40     1   2  2  
 2 Anton Volchenkov         Dennis Wideman                                    30     1   2  2  
 3 Alexei Semenov           Joey Ryan                                         20     1   2  2  
 4 Brian Rafalski           Christian Ehrhoff                                 10     1   2  2  

PowerPlay Forward 
   Center                   Left Wing                Right Wing               Time % Phy DF OF 
 1 Evgeni Malkin            Thomas Vanek             Corey Perry              60     1   2  2  
 2 Peter Regin              Alex Tanguay             Patrick Kane             40     1   2  2  

PowerPlay Defense
   Defense                  Defense                                           Time % Phy DF OF 
 1 Brian Rafalski           Christian Ehrhoff                                 60     1   2  2  
 2 Anton Volchenkov         Dennis Wideman                                    40     1   2  2  

Penalty Kill 4 Players Forward 
   Center                   Wing                     Time % Phy DF OF 
 1 Evgeni Malkin            Thomas Vanek             60     1   2  2  
 2 Corey Perry              Alex Tanguay             40     1   2  2  

Penalty Kill 4 Players Defense
   Defense                  Defense                  Time % Phy DF OF 
 1 Brian Rafalski           Christian Ehrhoff        60     1   2  2  
 2 Anton Volchenkov         Dennis Wideman           40     1   2  2  

Penalty Kill - 3 Players Forward 
   Forward                                           Time % Phy DF OF 
 1 Evgeni Malkin                                     60     1   2  2  
 2 Thomas Vanek                                      40     1   2  2  

Penalty Kill - 3 Players Defense
   Defense                  Defense                  Time % Phy DF OF 
 1 Brian Rafalski           Christian Ehrhoff        60     1   2  2  
 2 Anton Volchenkov         Dennis Wideman           40     1   2  2  

4 vs 4 Forward 
   Center                   Wing                     Time % Phy DF OF 
 1 Evgeni Malkin            Thomas Vanek             60     1   2  2  
 2 Corey Perry              Alex Tanguay             40     1   2  2  

4 vs 4 Defense
   Defense                  Defense                  Time % Phy DF OF 
 1 Brian Rafalski           Christian Ehrhoff        60     1   2  2  
 2 Anton Volchenkov         Dennis Wideman           40     1   2  2  

Last Minutes Offensive
   Center                   Left Wing                Right Wing               Defense                  Defense                  
   Evgeni Malkin            Thomas Vanek             Corey Perry              Brian Rafalski           Christian Ehrhoff        

Last Minutes Defensive
   Center                   Left Wing                Right Wing               Defense                  Defense                  
   Evgeni Malkin            Thomas Vanek             Corey Perry              Brian Rafalski           Christian Ehrhoff        

Goaltenders
Starting : Marty Turco              
Backup : Adam Munro               

Extra Forwards
Normal : Milan Michalek, Jason Blake, Nicklas Backstrom - PP : Milan Michalek, Jason Blake - PK : Nicklas Backstrom
Extra Defensemen
Normal : Alexei Semenov, Joey Ryan, Anton Volchenkov - PP : Alexei Semenov - PK : Joey Ryan, Anton Volchenkov
Penalty Shots
Evgeni Malkin, Thomas Vanek, Corey Perry, Alex Tanguay, Milan Michalek

Blackhawks

5 vs 5 Forward 
   Center                   Left Wing                Right Wing               Time % Phy DF OF 
 1 Joe Sakic                Kris Versteeg            Alexei Kovalev           40     1   2  2  
 2 Scott Gomez              Loui Eriksson            Sergei Shirokov          30     1   2  2  
 3 Brooks Laich             Daniel Carcillo          Colby Armstrong          20     1   2  2  
 4 Chris Gratton            Hnat Domenichelli        Dan Hinote               10     1   2  2  

5 vs 5 Defense 
   Defense                  Defense                                           Time % Phy DF OF 
 1 Nicklas Lidstrom         Francis Bouillon                                  40     1   2  2  
 2 Steve McCarthy           Kristopher Letang                                 30     1   2  2  
 3 Brad Ference             Boris Mironov                                     20     1   2  2  
 4 Nicklas Lidstrom         Francis Bouillon                                  10     1   2  2  

PowerPlay Forward 
   Center                   Left Wing                Right Wing               Time % Phy DF OF 
 1 Joe Sakic                Kris Versteeg            Alexei Kovalev           60     1   2  2  
 2 Scott Gomez              Loui Eriksson            Sergei Shirokov          40     1   2  2  

PowerPlay Defense
   Defense                  Defense                                           Time % Phy DF OF 
 1 Nicklas Lidstrom         Kristopher Letang                                 60     1   2  2  
 2 Steve McCarthy           Francis Bouillon                                  40     1   2  2  

Penalty Kill 4 Players Forward 
   Center                   Wing                     Time % Phy DF OF 
 1 Chris Gratton            Colby Armstrong          60     1   2  2  
 2 Scott Gomez              Daniel Carcillo          40     1   2  2  

Penalty Kill 4 Players Defense
   Defense                  Defense                  Time % Phy DF OF 
 1 Nicklas Lidstrom         Francis Bouillon         60     1   2  2  
 2 Steve McCarthy           Kristopher Letang        40     1   2  2  

Penalty Kill - 3 Players Forward 
   Forward                                           Time % Phy DF OF 
 1 Joe Sakic                                         60     1   2  2  
 2 Kris Versteeg                                     40     1   2  2  

Penalty Kill - 3 Players Defense
   Defense                  Defense                  Time % Phy DF OF 
 1 Nicklas Lidstrom         Francis Bouillon         60     1   2  2  
 2 Steve McCarthy           Kristopher Letang        40     1   2  2  

4 vs 4 Forward 
   Center                   Wing                     Time % Phy DF OF 
 1 Joe Sakic                Kris Versteeg            60     1   2  2  
 2 Scott Gomez              Alexei Kovalev           40     1   2  2  

4 vs 4 Defense
   Defense                  Defense                  Time % Phy DF OF 
 1 Nicklas Lidstrom         Francis Bouillon         60     1   2  2  
 2 Steve McCarthy           Kristopher Letang        40     1   2  2  

Last Minutes Offensive
   Center                   Left Wing                Right Wing               Defense                  Defense                  
   Joe Sakic                Kris Versteeg            Alexei Kovalev           Nicklas Lidstrom         Francis Bouillon         

Last Minutes Defensive
   Center                   Left Wing                Right Wing               Defense                  Defense                  
   Joe Sakic                Kris Versteeg            Alexei Kovalev           Nicklas Lidstrom         Francis Bouillon         

Goaltenders
Starting : Jocelyn Thibault         
Backup : Tyler Weiman             

Extra Forwards
Normal : Chris Gratton, Brooks Laich, Loui Eriksson - PP : Loui Eriksson, Brooks Laich - PK : Kris Versteeg
Extra Defensemen
Normal : Brad Ference, Boris Mironov, Steve McCarthy - PP : Brad Ference - PK : Boris Mironov, Steve McCarthy
Penalty Shots
Joe Sakic, Kris Versteeg, Alexei Kovalev, Scott Gomez, Hnat Domenichelli

% Time on Ice - Capitals

Lines # - Real PCT - Wanted PCT - Time Play
Normal Forward
1 - 31% - 40% - 14:20
2 - 33% - 30% - 15:21
3 - 22% - 20% - 10:19
4 - 13% - 10% - 6:07
Normal Defense
1 - 39% - 40% - 17:49
2 - 34% - 30% - 15:34
3 - 26% - 20% - 12:13
4 - 1% - 10% - 0:31
PP Forward
1 - 0% - 60%
2 - 0% - 40%
PP Defense
1 - 0% - 60%
2 - 0% - 40%
PK Forward
1 - 78% - 60% - 7:46
2 - 22% - 40% - 2:09
PK Defense
1 - 56% - 60% - 5:36
2 - 44% - 40% - 4:19
PK3 Forward
1 - 0% - 60%
2 - 0% - 40%
PK3 Defense
1 - 0% - 60%
2 - 0% - 40%
44 Forward
1 - 84% - 60% - 3:20
2 - 16% - 40% - 0:38
44 Defense
1 - 72% - 60% - 2:51
2 - 28% - 40% - 1:07
Last Minute Offensive  - 0:00
Last Minute Defensive  - 0:00
Total
Forward - 60:00
Defense - 60:00

% Time on Ice - Blackhawks

Lines # - Real PCT - Wanted PCT - Time Play
Normal Forward
1 - 34% - 40% - 15:38
2 - 26% - 30% - 11:50
3 - 24% - 20% - 11:06
4 - 16% - 10% - 7:33
Normal Defense
1 - 34% - 40% - 15:35
2 - 42% - 30% - 19:09
3 - 21% - 20% - 9:54
4 - 3% - 10% - 1:29
PP Forward
1 - 53% - 60% - 5:17
2 - 47% - 40% - 4:38
PP Defense
1 - 60% - 60% - 5:57
2 - 40% - 40% - 3:58
PK Forward
1 - 0% - 60%
2 - 0% - 40%
PK Defense
1 - 0% - 60%
2 - 0% - 40%
PK3 Forward
1 - 0% - 60%
2 - 0% - 40%
PK3 Defense
1 - 0% - 60%
2 - 0% - 40%
44 Forward
1 - 76% - 60% - 3:01
2 - 24% - 40% - 0:57
44 Defense
1 - 62% - 60% - 2:28
2 - 38% - 40% - 1:30
Last Minute Offensive  - 0:00
Last Minute Defensive  - 0:00
Total
Forward - 60:00
Defense - 60:00

Play by Play

1st period


0:01 of 1st period - Evgeni Malkin wins face-off versus Joe Sakic in neutral zone.
1:08 of 1st period - Icing by Evgeni Malkin.
1:09 of 1st period - Evgeni Malkin wins face-off versus Chris Gratton in Capitals zone.
1:09 of 1st period - Evgeni Malkin is hit by Hnat Domenichelli.
1:31 of 1st period - Wrist shot by Evgeni Malkin.
1:31 of 1st period - Shot Misses the Net.
1:50 of 1st period - Minor Penalty to Phil Kessel for Cross-checking.
1:51 of 1st period - Joe Sakic wins face-off versus Evgeni Malkin in Capitals zone.
3:50 of 1st period - Penalty to Phil Kessel is over, Phil Kessel is back on ice.
4:08 of 1st period - Joey Ryan is hit by Chris Gratton and loses puck.
4:15 of 1st period - Wrist shot by Hnat Domenichelli.
4:15 of 1st period - Shot Misses the Net.
4:41 of 1st period - Snap shot by Thomas Vanek.
4:41 of 1st period - Stopped by Jocelyn Thibault without a rebound.
4:42 of 1st period - Peter Regin wins face-off versus Kris Versteeg in Blackhawks zone.
4:45 of 1st period - Slapshot by Brian Rafalski.
4:45 of 1st period - Stopped by Jocelyn Thibault with a rebound.
4:47 of 1st period - Slapshot by Christian Ehrhoff.
4:47 of 1st period - Shot Misses the Net.
4:49 of 1st period - Snap shot by Brian Rafalski.
4:49 of 1st period - Deflect By Alex Tanguay.
4:49 of 1st period - Shot Misses the Net.
4:49 of 1st period - Puck is out of play.
4:50 of 1st period - Peter Regin wins face-off versus Joe Sakic in Blackhawks zone.
4:55 of 1st period - Wrist shot by Peter Regin.
4:55 of 1st period - Shot Misses the Net.
4:57 of 1st period - Slapshot by Brian Rafalski.
4:57 of 1st period - Deflect By Alex Tanguay.
4:57 of 1st period - Stopped by Jocelyn Thibault without a rebound.
4:58 of 1st period - Peter Regin wins face-off versus Joe Sakic in Blackhawks zone.
5:01 of 1st period - Snap shot by Alex Tanguay.
5:01 of 1st period - Shot Misses the Net.
5:13 of 1st period - Christian Ehrhoff is hit by Alexei Kovalev and loses puck.
5:49 of 1st period - Sergei Shirokov is hit by Dennis Wideman and loses puck.
6:10 of 1st period - Slapshot by Thomas Vanek.
6:10 of 1st period - Stopped by Jocelyn Thibault with a rebound.
6:12 of 1st period - Slapshot by Anton Volchenkov.
6:12 of 1st period - Shot Misses the Net.
6:38 of 1st period - Nicklas Backstrom is hit by Daniel Carcillo and loses puck.
7:37 of 1st period - Colby Armstrong is hit by Evgeni Malkin and loses puck.
7:50 of 1st period - Snap shot by Francis Bouillon.
7:50 of 1st period - Stopped by Marty Turco without a rebound.
7:51 of 1st period - Peter Regin wins face-off versus Chris Gratton in Capitals zone.
7:56 of 1st period - Steve McCarthy is hit by Patrick Kane and loses puck.
8:13 of 1st period - Thomas Vanek is hit by Alexei Kovalev and loses puck.
8:20 of 1st period - Slapshot by Kris Versteeg.
8:20 of 1st period - Stopped by Marty Turco with a rebound.
8:22 of 1st period - Slapshot by Francis Bouillon.
8:22 of 1st period - Stopped by Marty Turco with a rebound.
8:24 of 1st period - Wrist shot by Kris Versteeg.
8:24 of 1st period - Deflect By Evgeni Malkin.
8:24 of 1st period - Shot Blocked by Evgeni Malkin.
8:24 of 1st period - Puck is out of play.
8:25 of 1st period - Scott Gomez wins face-off versus Peter Regin in Capitals zone.
8:34 of 1st period - Snap shot by Alex Tanguay.
8:34 of 1st period - Shot Misses the Net.
8:51 of 1st period - Icing by Joe Sakic.
8:52 of 1st period - Nicklas Backstrom wins face-off versus Joe Sakic in Blackhawks zone.
8:53 of 1st period - Wrist shot by Milan Michalek.
8:53 of 1st period - Shot Misses the Net.
8:55 of 1st period - Wrist shot by Milan Michalek.
8:55 of 1st period - Stopped by Jocelyn Thibault without a rebound.
8:56 of 1st period - Evgeni Malkin wins face-off versus Joe Sakic in Blackhawks zone.
9:26 of 1st period - Loui Eriksson is hit by Alex Tanguay and loses puck.
10:10 of 1st period - Snap shot by Chris Gratton.
10:10 of 1st period - Shot Blocked by Thomas Vanek.
10:22 of 1st period - Snap shot by Joe Sakic.
10:22 of 1st period - Shot Misses the Net.
10:30 of 1st period - Snap shot by Joe Sakic.
10:30 of 1st period - Shot Blocked by Christian Ehrhoff.
10:46 of 1st period - Snap shot by Scott Gomez.
10:46 of 1st period - Shot Misses the Net.
10:48 of 1st period - Slapshot by Sergei Shirokov.
10:48 of 1st period - Goal by Sergei Shirokov - Capitals : 0 - Blackhawks : 1.
10:49 of 1st period - Joe Sakic wins face-off versus Evgeni Malkin in neutral zone.
10:52 of 1st period - Wrist shot by Alexei Kovalev.
10:52 of 1st period - Stopped by Marty Turco with a rebound.
11:02 of 1st period - Wrist shot by Evgeni Malkin.
11:02 of 1st period - Stopped by Jocelyn Thibault without a rebound.
11:03 of 1st period - Joe Sakic wins face-off versus Evgeni Malkin in Blackhawks zone.
11:03 of 1st period - Joe Sakic is hit by Thomas Vanek.
11:10 of 1st period - Minor Penalty to Thomas Vanek for Hooking.
11:11 of 1st period - Evgeni Malkin wins face-off versus Joe Sakic in Capitals zone.
13:10 of 1st period - Penalty to Thomas Vanek is over, Thomas Vanek is back on ice.
13:15 of 1st period - Dennis Wideman is hit by Chris Gratton and loses puck.
13:42 of 1st period - Dennis Wideman is hit by Brooks Laich.
13:51 of 1st period - Off-side.
13:52 of 1st period - Chris Gratton wins face-off versus Peter Regin in neutral zone.
13:55 of 1st period - Slapshot by Nicklas Lidstrom.
13:55 of 1st period - Stopped by Marty Turco with a rebound.
15:12 of 1st period - Snap shot by Alexei Kovalev.
15:12 of 1st period - Shot Misses the Net.
15:25 of 1st period - Icing by Alexei Kovalev.
15:26 of 1st period - Nicklas Backstrom wins face-off versus Scott Gomez in Blackhawks zone.
15:53 of 1st period - Snap shot by Daniel Carcillo.
15:53 of 1st period - Shot Misses the Net.
15:55 of 1st period - Slapshot by Brad Ference.
15:55 of 1st period - Stopped by Marty Turco without a rebound.
15:56 of 1st period - Kris Versteeg wins face-off versus Peter Regin in Capitals zone.
15:59 of 1st period - Wrist shot by Joe Sakic.
15:59 of 1st period - Stopped by Marty Turco with a rebound.
16:22 of 1st period - Thomas Vanek is hit by Scott Gomez and loses puck.
16:29 of 1st period - Wrist shot by Loui Eriksson.
16:29 of 1st period - Stopped by Marty Turco with a rebound.
16:31 of 1st period - Snap shot by Scott Gomez.
16:31 of 1st period - Shot Blocked by Corey Perry.
16:33 of 1st period - Wrist shot by Loui Eriksson.
16:33 of 1st period - Shot Misses the Net.
16:35 of 1st period - Slapshot by Loui Eriksson.
16:35 of 1st period - Goal by Loui Eriksson - Capitals : 0 - Blackhawks : 2.
16:36 of 1st period - Evgeni Malkin wins face-off versus Joe Sakic in neutral zone.
16:41 of 1st period - Wrist shot by Evgeni Malkin.
16:41 of 1st period - Goal by Evgeni Malkin - Capitals : 1 - Blackhawks : 2.
16:42 of 1st period - Joe Sakic wins face-off versus Thomas Vanek in neutral zone.
17:02 of 1st period - Nicklas Lidstrom is hit by Evgeni Malkin.
17:12 of 1st period - Wrist shot by Milan Michalek.
17:12 of 1st period - Deflect By Nicklas Backstrom.
17:12 of 1st period - Shot Misses the Net.
17:12 of 1st period - Puck is out of play.
17:13 of 1st period - Scott Gomez wins face-off versus Nicklas Backstrom in Blackhawks zone.
17:38 of 1st period - Colby Armstrong is hit by Anton Volchenkov and loses puck.
17:58 of 1st period - Off-side.
17:59 of 1st period - Joe Sakic wins face-off versus Peter Regin in neutral zone.
18:02 of 1st period - Slapshot by Francis Bouillon.
18:02 of 1st period - Shot Misses the Net.
18:14 of 1st period - Wrist shot by Christian Ehrhoff.
18:14 of 1st period - Deflect By Alex Tanguay.
18:14 of 1st period - Shot Blocked by Nicklas Lidstrom.
18:14 of 1st period - Puck is out of play.
18:15 of 1st period - Scott Gomez wins face-off versus Evgeni Malkin in Blackhawks zone.
19:08 of 1st period - Slapshot by Boris Mironov.
19:08 of 1st period - Deflect By Nicklas Backstrom.
19:08 of 1st period - Stopped by Marty Turco without a rebound.
19:09 of 1st period - Joe Sakic wins face-off versus Evgeni Malkin in Capitals zone.
19:34 of 1st period - Snap shot by Nicklas Backstrom.
19:34 of 1st period - Stopped by Jocelyn Thibault with a rebound.
19:36 of 1st period - Slapshot by Nicklas Backstrom.
19:36 of 1st period - Stopped by Jocelyn Thibault without a rebound.
19:37 of 1st period - Nicklas Backstrom wins face-off versus Scott Gomez in Blackhawks zone.

2nd period


0:01 of 2nd period - Evgeni Malkin wins face-off versus Kris Versteeg in neutral zone.
0:50 of 2nd period - Icing by Nicklas Lidstrom.
0:51 of 2nd period - Ales Hemsky wins face-off versus Brooks Laich in Blackhawks zone.
1:00 of 2nd period - Francis Bouillon is hit by Nicklas Backstrom and loses puck.
1:04 of 2nd period - Minor Penalty to Milan Michalek for Hooking.
1:05 of 2nd period - Evgeni Malkin wins face-off versus Joe Sakic in Capitals zone.
1:16 of 2nd period - Snap shot by Joe Sakic.
1:16 of 2nd period - Stopped by Marty Turco with a rebound.
1:18 of 2nd period - Slapshot by Nicklas Lidstrom.
1:18 of 2nd period - Shot Misses the Net.
1:20 of 2nd period - Slapshot by Kristopher Letang.
1:20 of 2nd period - Stopped by Marty Turco with a rebound.
1:34 of 2nd period - Brian Rafalski is hit by Nicklas Lidstrom and loses puck.
1:53 of 2nd period - Anton Volchenkov is hit by Kris Versteeg and loses puck.
3:04 of 2nd period - Penalty to Milan Michalek is over, Milan Michalek is back on ice.
3:33 of 2nd period - Icing by Brad Ference.
3:34 of 2nd period - Chris Gratton wins face-off versus Evgeni Malkin in Blackhawks zone.
3:54 of 2nd period - Anton Volchenkov is hit by Hnat Domenichelli and loses puck.
4:28 of 2nd period - Corey Perry is hit by Alexei Kovalev and loses puck.
5:25 of 2nd period - Wrist shot by Hnat Domenichelli.
5:25 of 2nd period - Stopped by Marty Turco without a rebound.
5:26 of 2nd period - Nicklas Backstrom wins face-off versus Joe Sakic in Capitals zone.
5:26 of 2nd period - Nicklas Backstrom is hit by Kris Versteeg.
5:36 of 2nd period - Snap shot by Alexei Kovalev.
5:36 of 2nd period - Shot Blocked by Milan Michalek.
5:38 of 2nd period - Wrist shot by Joe Sakic.
5:38 of 2nd period - Deflect By Kris Versteeg.
5:38 of 2nd period - Shot Misses the Net.
5:38 of 2nd period - Puck is out of play.
5:39 of 2nd period - Joe Sakic wins face-off versus Peter Regin in Capitals zone.
5:54 of 2nd period - Snap shot by Joe Sakic.
5:54 of 2nd period - Shot Misses the Net.
6:04 of 2nd period - Alex Tanguay is hit by Daniel Carcillo and loses puck.
6:35 of 2nd period - Snap shot by Alex Tanguay.
6:35 of 2nd period - Stopped by Jocelyn Thibault without a rebound.
6:36 of 2nd period - Joe Sakic wins face-off versus Evgeni Malkin in Blackhawks zone.
6:45 of 2nd period - Snap shot by Corey Perry.
6:45 of 2nd period - Shot Misses the Net.
6:47 of 2nd period - Slapshot by Brian Rafalski.
6:47 of 2nd period - Stopped by Jocelyn Thibault with a rebound.
6:49 of 2nd period - Wrist shot by Evgeni Malkin.
6:49 of 2nd period - Shot Misses the Net.
6:51 of 2nd period - Snap shot by Christian Ehrhoff.
6:51 of 2nd period - Shot Misses the Net.
7:20 of 2nd period - Icing by Boris Mironov.
7:21 of 2nd period - Evgeni Malkin wins face-off versus Brooks Laich in Blackhawks zone.
7:28 of 2nd period - Slapshot by Evgeni Malkin.
7:28 of 2nd period - Stopped by Jocelyn Thibault with a rebound.
7:50 of 2nd period - Milan Michalek is hit by Kris Versteeg and loses puck.
8:15 of 2nd period - Wrist shot by Evgeni Malkin.
8:15 of 2nd period - Shot Blocked by Boris Mironov.
8:17 of 2nd period - Wrist shot by Thomas Vanek.
8:17 of 2nd period - Shot Misses the Net.
8:19 of 2nd period - Slapshot by Christian Ehrhoff.
8:19 of 2nd period - Stopped by Jocelyn Thibault without a rebound.
8:20 of 2nd period - Corey Perry wins face-off versus Scott Gomez in Blackhawks zone.
8:21 of 2nd period - Snap shot by Evgeni Malkin.
8:21 of 2nd period - Stopped by Jocelyn Thibault without a rebound.
8:21 of 2nd period - Minor Penalty to Francis Bouillon for Tripping.
8:21 of 2nd period - Minor Penalty to Evgeni Malkin for Roughing.
8:22 of 2nd period - Joe Sakic wins face-off versus Milan Michalek in Blackhawks zone.
8:29 of 2nd period - Slapshot by Kris Versteeg.
8:29 of 2nd period - Stopped by Marty Turco with a rebound.
9:04 of 2nd period - Off-side.
9:05 of 2nd period - Scott Gomez wins face-off versus Jason Blake in neutral zone.
9:14 of 2nd period - Slapshot by Scott Gomez.
9:14 of 2nd period - Shot Blocked by Christian Ehrhoff.
9:32 of 2nd period - Kristopher Letang is hit by Brian Rafalski and loses puck.
9:58 of 2nd period - Christian Ehrhoff is hit by Brad Ference and loses puck.
10:03 of 2nd period - Slapshot by Nicklas Lidstrom.
10:03 of 2nd period - Shot Blocked by Nicklas Backstrom.
10:21 of 2nd period - Penalty to Francis Bouillon is over, Francis Bouillon is back on ice.
10:21 of 2nd period - Penalty to Evgeni Malkin is over, Evgeni Malkin is back on ice.
10:24 of 2nd period - Off-side.
10:25 of 2nd period - Scott Gomez wins face-off versus Peter Regin in neutral zone.
10:52 of 2nd period - Snap shot by Evgeni Malkin.
10:52 of 2nd period - Deflect By Phil Kessel.
10:52 of 2nd period - Shot Misses the Net.
10:52 of 2nd period - Puck is out of play.
10:53 of 2nd period - Evgeni Malkin wins face-off versus Brooks Laich in Blackhawks zone.
11:18 of 2nd period - Slapshot by Daniel Carcillo.
11:18 of 2nd period - Shot Blocked by Jason Blake.
11:30 of 2nd period - Slapshot by Kristopher Letang.
11:30 of 2nd period - Shot Blocked by Jason Blake.
11:32 of 2nd period - Wrist shot by Brooks Laich.
11:32 of 2nd period - Shot Misses the Net.
11:48 of 2nd period - Wrist shot by Jason Blake.
11:48 of 2nd period - Shot Blocked by Boris Mironov.
11:50 of 2nd period - Backhand shot by Alexei Semenov.
11:50 of 2nd period - Stopped by Jocelyn Thibault with a rebound.
11:52 of 2nd period - Slapshot by Alexei Semenov.
11:52 of 2nd period - Stopped by Jocelyn Thibault with a rebound.
11:56 of 2nd period - Snap shot by Jason Blake.
11:56 of 2nd period - Stopped by Jocelyn Thibault with a rebound.
11:58 of 2nd period - Wrist shot by Jason Blake.
11:58 of 2nd period - Shot Misses the Net.
12:00 of 2nd period - Snap shot by Joey Ryan.
12:00 of 2nd period - Shot Misses the Net.
12:36 of 2nd period - Snap shot by Jason Blake.
12:36 of 2nd period - Shot Misses the Net.
12:45 of 2nd period - Minor Penalty to Jason Blake for Holding.
12:46 of 2nd period - Joe Sakic wins face-off versus Corey Perry in Capitals zone.
12:51 of 2nd period - Slapshot by Nicklas Lidstrom.
12:51 of 2nd period - Shot Blocked by Brian Rafalski.
13:21 of 2nd period - Slapshot by Kristopher Letang.
13:21 of 2nd period - Stopped by Marty Turco with a rebound.
14:45 of 2nd period - Penalty to Jason Blake is over, Jason Blake is back on ice.
14:49 of 2nd period - Slapshot by Christian Ehrhoff.
14:49 of 2nd period - Shot Blocked by Kristopher Letang.
14:49 of 2nd period - Kristopher Letang from Blackhawks is injured at 14:49 of 2nd period (Abdomen/Ribs).
14:50 of 2nd period - Evgeni Malkin wins face-off versus Joe Sakic in Blackhawks zone.
15:05 of 2nd period - Snap shot by Kris Versteeg.
15:05 of 2nd period - Stopped by Marty Turco without a rebound.
15:06 of 2nd period - Peter Regin wins face-off versus Sergei Shirokov in Capitals zone.
15:44 of 2nd period - Slapshot by Corey Perry.
15:44 of 2nd period - Stopped by Jocelyn Thibault without a rebound.
15:45 of 2nd period - Evgeni Malkin wins face-off versus Joe Sakic in Blackhawks zone.
15:48 of 2nd period - Snap shot by Thomas Vanek.
15:48 of 2nd period - Deflect By Kris Versteeg.
15:48 of 2nd period - Stopped by Jocelyn Thibault without a rebound.
15:49 of 2nd period - Joe Sakic wins face-off versus Evgeni Malkin in Blackhawks zone.
15:54 of 2nd period - Slapshot by Kris Versteeg.
15:54 of 2nd period - Stopped by Marty Turco without a rebound.
15:55 of 2nd period - Joe Sakic wins face-off versus Evgeni Malkin in Capitals zone.
17:04 of 2nd period - Snap shot by Joe Sakic.
17:04 of 2nd period - Stopped by Marty Turco without a rebound.
17:05 of 2nd period - Scott Gomez wins face-off versus Peter Regin in Capitals zone.
17:18 of 2nd period - Snap shot by Peter Regin.
17:18 of 2nd period - Shot Misses the Net.
17:39 of 2nd period - Wrist shot by Ales Hemsky.
17:39 of 2nd period - Deflect By Nicklas Backstrom.
17:39 of 2nd period - Shot Blocked by Brooks Laich.
17:39 of 2nd period - Puck is out of play.
17:40 of 2nd period - Peter Regin wins face-off versus Scott Gomez in Blackhawks zone.
17:41 of 2nd period - Snap shot by Alex Tanguay.
17:41 of 2nd period - Goal by Alex Tanguay - Capitals : 2 - Blackhawks : 2.
17:42 of 2nd period - Evgeni Malkin wins face-off versus Joe Sakic in neutral zone.
17:51 of 2nd period - Snap shot by Thomas Vanek.
17:51 of 2nd period - Stopped by Jocelyn Thibault with a rebound.
17:53 of 2nd period - Wrist shot by Corey Perry.
17:53 of 2nd period - Shot Blocked by Kris Versteeg.
17:55 of 2nd period - Snap shot by Evgeni Malkin.
17:55 of 2nd period - Shot Misses the Net.
17:57 of 2nd period - Snap shot by Christian Ehrhoff.
17:57 of 2nd period - Shot Blocked by Joe Sakic.
18:31 of 2nd period - Slapshot by Nicklas Lidstrom.
18:31 of 2nd period - Stopped by Marty Turco with a rebound.
18:33 of 2nd period - Wrist shot by Colby Armstrong.
18:33 of 2nd period - Stopped by Marty Turco without a rebound.
18:34 of 2nd period - Nicklas Backstrom wins face-off versus Brooks Laich in Capitals zone.
18:59 of 2nd period - Joe Sakic is hit by Evgeni Malkin and loses puck.
19:22 of 2nd period - Wrist shot by Loui Eriksson.
19:22 of 2nd period - Stopped by Marty Turco without a rebound.
19:23 of 2nd period - Scott Gomez wins face-off versus Peter Regin in Capitals zone.
19:26 of 2nd period - Snap shot by Loui Eriksson.
19:26 of 2nd period - Stopped by Marty Turco without a rebound.
19:27 of 2nd period - Evgeni Malkin wins face-off versus Scott Gomez in Capitals zone.

3rd period


0:01 of 3rd period - Corey Perry wins face-off versus Joe Sakic in neutral zone.
2:30 of 3rd period - Wrist shot by Corey Perry.
2:30 of 3rd period - Shot Misses the Net.
2:40 of 3rd period - Milan Michalek is hit by Joe Sakic and loses puck.
2:53 of 3rd period - Evgeni Malkin is hit by Brooks Laich and loses puck.
3:45 of 3rd period - Evgeni Malkin is hit by Dan Hinote and loses puck.
4:02 of 3rd period - Snap shot by Joe Sakic.
4:02 of 3rd period - Shot Misses the Net.
4:44 of 3rd period - Minor Penalty to Thomas Vanek for Delaying the game.
4:45 of 3rd period - Evgeni Malkin wins face-off versus Scott Gomez in Capitals zone.
4:58 of 3rd period - Nicklas Backstrom is hit by Sergei Shirokov and loses puck.
6:44 of 3rd period - Penalty to Thomas Vanek is over, Thomas Vanek is back on ice.
6:45 of 3rd period - Sergei Shirokov is hit by Anton Volchenkov and loses puck.
7:29 of 3rd period - Alexei Semenov is hit by Brooks Laich and loses puck.
7:38 of 3rd period - Icing by Colby Armstrong.
7:39 of 3rd period - Peter Regin wins face-off versus Brooks Laich in Blackhawks zone.
7:51 of 3rd period - Steve McCarthy is hit by Alex Tanguay.
7:52 of 3rd period - Icing by Steve McCarthy.
7:53 of 3rd period - Brooks Laich wins face-off versus Evgeni Malkin in Blackhawks zone.
7:58 of 3rd period - Dennis Wideman is hit by Colby Armstrong and loses puck.
8:26 of 3rd period - Off-side.
8:27 of 3rd period - Joe Sakic wins face-off versus Evgeni Malkin in neutral zone.
8:36 of 3rd period - Backhand shot by Kris Versteeg.
8:36 of 3rd period - Goal by Kris Versteeg - Capitals : 2 - Blackhawks : 3.
8:37 of 3rd period - Evgeni Malkin wins face-off versus Joe Sakic in neutral zone.
8:48 of 3rd period - Slapshot by Christian Ehrhoff.
8:48 of 3rd period - Stopped by Jocelyn Thibault with a rebound.
8:50 of 3rd period - Slapshot by Christian Ehrhoff.
8:50 of 3rd period - Shot Blocked by Joe Sakic.
8:52 of 3rd period - Slapshot by Thomas Vanek.
8:52 of 3rd period - Stopped by Jocelyn Thibault with a rebound.
9:52 of 3rd period - Snap shot by Thomas Vanek.
9:52 of 3rd period - Shot Blocked by Brad Ference.
10:35 of 3rd period - Dennis Wideman is hit by Sergei Shirokov and loses puck.
11:08 of 3rd period - Wrist shot by Hnat Domenichelli.
11:08 of 3rd period - Shot Misses the Net.
11:34 of 3rd period - Wrist shot by Milan Michalek.
11:34 of 3rd period - Stopped by Jocelyn Thibault with a rebound.
11:53 of 3rd period - Brad Ference is hit by Alexei Semenov and loses puck.
12:01 of 3rd period - Icing by Brad Ference.
12:02 of 3rd period - Scott Gomez wins face-off versus Evgeni Malkin in Blackhawks zone.
12:02 of 3rd period - Scott Gomez is hit by Corey Perry.
12:14 of 3rd period - Snap shot by Kris Versteeg.
12:14 of 3rd period - Shot Blocked by Evgeni Malkin.
12:55 of 3rd period - Alex Tanguay is hit by Daniel Carcillo and loses puck.
14:03 of 3rd period - Christian Ehrhoff is hit by Joe Sakic and loses puck.
14:21 of 3rd period - Francis Bouillon is hit by Alex Tanguay and loses puck.
14:30 of 3rd period - Christian Ehrhoff is hit by Brooks Laich and loses puck.
14:48 of 3rd period - Wrist shot by Chris Gratton.
14:48 of 3rd period - Stopped by Marty Turco with a rebound.
15:14 of 3rd period - Backhand shot by Loui Eriksson.
15:14 of 3rd period - Shot Misses the Net.
15:16 of 3rd period - Snap shot by Sergei Shirokov.
15:16 of 3rd period - Stopped by Marty Turco with a rebound.
15:37 of 3rd period - Snap shot by Ales Hemsky.
15:37 of 3rd period - Stopped by Jocelyn Thibault with a rebound.
15:53 of 3rd period - Wrist shot by Brooks Laich.
15:53 of 3rd period - Shot Hit the Post.
16:46 of 3rd period - Icing by Francis Bouillon.
16:47 of 3rd period - Scott Gomez wins face-off versus Milan Michalek in Blackhawks zone.
16:47 of 3rd period - Scott Gomez is hit by Dennis Wideman.
16:55 of 3rd period - Anton Volchenkov is hit by Francis Bouillon and loses puck.
17:01 of 3rd period - Minor Penalty to Scott Gomez for Slashing.
17:01 of 3rd period - Minor Penalty to Milan Michalek for Interference.
17:02 of 3rd period - Evgeni Malkin wins face-off versus Joe Sakic in Capitals zone.
17:43 of 3rd period - Slapshot by Christian Ehrhoff.
17:43 of 3rd period - Stopped by Jocelyn Thibault with a rebound.
17:45 of 3rd period - Slapshot by Brian Rafalski.
17:45 of 3rd period - Shot Misses the Net.
17:47 of 3rd period - Slapshot by Christian Ehrhoff.
17:47 of 3rd period - Shot Blocked by Steve McCarthy.
17:49 of 3rd period - Wrist shot by Alex Tanguay.
17:49 of 3rd period - Stopped by Jocelyn Thibault with a rebound.
17:51 of 3rd period - Snap shot by Alex Tanguay.
17:51 of 3rd period - Stopped by Jocelyn Thibault with a rebound.
18:57 of 3rd period - Nicklas Lidstrom is hit by Christian Ehrhoff and loses puck.
19:01 of 3rd period - Penalty to Scott Gomez is over, Scott Gomez is back on ice.
19:01 of 3rd period - Penalty to Milan Michalek is over, Milan Michalek is back on ice.
19:08 of 3rd period - Capitals, Marty Turco is pulled from the net.


Output by the SimonT Hockey Simulator (STHS) for François Prévost -- Original Page W3C XHTML 1.0 Valid
Hockey Simulator - Hockey Simulation - Hockey Manager